 Dungeon Crawl Stone Soup version 0.28-a0-1159-g27aa881441 (webtiles) character file.

Game seed: 5593144445023900186

25 fragbeetle the Ruffian (level 2, -1/23 HPs)
             Began as a Draconian Transmuter on Dec 15, 2021.
             Slain by a gnoll (5 damage)
             ... on level 1 of the Dungeon.
             The game lasted 00:02:43 (1069 turns).

fragbeetle the Ruffian (Draconian Transmuter)       Turns: 1069, Time: 00:02:43

Health: -1/23      AC:  4    Str: 12    XL:     2   Next: 82%
Magic:  4/5        EV: 12    Int: 13    God:
Gold:   74         SH:  0    Dex: 11    Spells: 4/5 levels left

rFire   . . .      SeeInvis .     - Unarmed
rCold   . . .      Faith    .   (no shield)
rNeg    . . .      Spirit   .   (armour unavailable)
rPois   .          Reflect  .   (helmet currently unavailable)
rElec   .          Harm     .   (no cloak)
rCorr   .          Rampage  .   (no gloves)
Will    .....                   (boots currently unavailable)
Stlth   +.........              (no amulet)
HPRegen 0.07/turn               (no ring)
MPRegen 0.09/turn               (no ring)

@: appendages
A: horns 2, talons 2, AC +4, unfitting armour, cold-blooded
a: End Transformation


You were on level 1 of the Dungeon.
You had temporarily grown beastly horns and talons.
You visited 1 branch of the dungeon, and saw 2 of its levels.

You collected 74 gold pieces.

Inventory:

Scrolls
 b - a scroll of teleportation {unknown}
Potions
 a - a potion of lignification {unknown}
 c - a potion of ambrosia {unknown}
 d - a potion of heal wounds {unknown}


   Skills:
 - Level 1.1 Fighting
 - Level 1.7 Dodging
 + Level 3.5 Unarmed Combat
 - Level 2.0 Spellcasting
 + Level 2.8 Transmutations


You had 4 spell levels left.
You knew the following spells:

 Your Spells              Type           Power      Damage    Failure   Level
a - Beastly Appendage     Tmut           16%        N/A       9%          1

Your spell library contained the following spells:

 Spells                   Type           Power      Damage    Failure   Level
 Wereblood                Tmut           8%         N/A       12%         2
 Spider Form              Tmut/Pois      4%         N/A       41%         3
 Ice Form                 Ice/Tmut       4%         N/A       82%         4
 Animate Dead             Necr           0%         N/A       94%         4
 Borgnjor's Vile Clutch   Necr/Erth      0%         N/A       100%        5
 Death Channel            Necr           0%         N/A       100%        6


Dungeon Overview and Level Annotations

Branches:
Dungeon (2/15)

Altars:

Shops:
D:1 =


Innate Abilities, Weirdness & Mutations

You have temporarily grown beastly horns and talons.
Your plain brown scales are hard. (AC +4)
You cannot fit into any form of body armour.
You are cold-blooded and may be slowed by cold attacks.


Message History

A gnoll comes into view. It is wielding a +0 spear.
You hit the gnoll but do no damage. Your kick misses the gnoll.
You headbutt the gnoll, but do no damage.
A gnoll comes into view. It is wielding a +0 spear.
The gnoll hits you with a +0 club.
You completely miss the gnoll.
The gnoll shouts!
You claw the gnoll, but do no damage. The gnoll misses you.
You barely miss the gnoll. Your kick misses the gnoll. You tail-slap the gnoll.
The gnoll is moderately wounded.
The gnoll hits you with a +0 club.
You barely miss the gnoll. Your headbutt misses the gnoll.
You tail-slap the gnoll, but do no damage.
The gnoll is moderately wounded.
The gnoll barely misses you.
You hit the gnoll. Your kick misses the gnoll.
The gnoll is heavily wounded.
The gnoll hits you from afar with a +0 spear.
You completely miss the gnoll. Your kick misses the gnoll.
You tail-slap the gnoll.
The gnoll is severely wounded.
Your transformation is almost over.
The gnoll barely misses you. The gnoll completely misses you.
The gnoll hits you with a +0 club.
* * * LOW HITPOINT WARNING * * *
You closely miss the gnoll.
The gnoll is severely wounded.
The gnoll hits you with a +0 club.
* * * LOW HITPOINT WARNING * * *
Your horns disappear.
Your talons disappear.
There is a stone staircase leading up here.
The gnoll completely misses you.
You climb upwards.
There is a stone staircase leading down here.
You are too injured to fight recklessly!
Casting: Beastly Appendage (safe; 9% risk of failure)
Confirm with . or Enter, or press ? or * to list all spells.
You grow a pair of large bovine horns.
Your feet morph into talons.
The gnoll hits you with a +0 club.
You die...

......##..#.#.#.#.#
#........
......##.#.#.#.#..#
#####....
......##..#.#.#.#.# #....
.....###.#.#<#.#..########
#...# .....#
#..#.#.#.#........# #...#
.....#
#.#.#.#.#.........####..>#
.....#
#..#.#.#.#........'.......
.....#
#.#.#.#.#.g.......#######'
.....#
#........@................
.....#
####...........#..##......
######
###..........#.##......
#.....##.............
##....+....#.##......
##...##.....##.#..#'
#..................
#....#####.##.##.## ####.#
###.##.##.##


You could see a gnoll.

Vanquished Creatures
  An adder (D:2)
  A ball python (D:1)
  3 endoplasms (D:1)
  2 goblins (D:1)
  2 quokkas
  2 bats (D:1)
  3 kobolds (D:1)
  A rat (D:1)
15 creatures vanquished.

Notes
Turn   | Place    | Note
-------+----------+-------------------------------------------
     0 | D:1      | fragbeetle the Draconian Transmuter began the quest for the
                  | Orb.
     0 | D:1      | Reached XP level 1. HP: 16/16 MP: 3/3
   105 | D:1      | Found Oroekiyt's Jewellery Shoppe.
   363 | D:1      | Reached XP level 2. HP: 18/23 MP: 3/5
  1069 | D:1      | Slain by a gnoll

Illustrated notes

Levels and vault maps discovered:
D:1:      lightli_arrival_chessboard, layout_basic, serial_shops, shop,
          minivault_26, hangedman_abyss_or_decor_lesser_grid
D:2:      layout_rooms, moated_statue, uniq_jessica, uniq_robin

Action                   || total
-------------------------++-------
Melee: Unarmed           ||    41
       Kick              ||     5
       Tailslap          ||     6
       Headbutt          ||     3
 Cast: Beastly Appendage ||    14
Armor: Skin              ||     7
Dodge: Dodged            ||    24

Table legend: (Time is in decaauts)
 A = Elapsed time spent in this place.
 B = Non-inter-level travel time spent in this place.
 C = Inter-level travel time spent in this place.
 D = Time resting spent in this place.
 E = Time spent auto-exploring this place.
 F = Levels seen in this place.
 G = Mean time per level.
                   A        B        C        D        E       F      G
               +--------+--------+--------+--------+--------+-----+--------+
         Total |   1066 |   1066 |      0 |    158 |    580 |   2 |  533.0 |
       Dungeon |   1066 |   1066 |      0 |    158 |    580 |   2 |  533.0 |
               +--------+--------+--------+--------+--------+-----+--------+

Top non-repeatable levels by time:
     D:1: 831 daAuts
     D:2: 235 daAuts
